 Dungeon Crawl Stone Soup version 0.21-a0-331-gfb491b4 (webtiles) character file.

35860 JackS81 the Brawler (level 13, -1/184 HPs)
             Began as a Troll Monk on Oct 2, 2017.
             Was an Initiate of Gozag.
             Slain by an orc warrior
             ... wielding a +0 trident
             ... led by an orc warlord
              (5 damage)
             ... on level 2 of the Orcish Mines.
             The game lasted 00:57:16 (11548 turns).

JackS81 the Brawler (Troll Monk)                   Turns: 11548, Time: 00:57:16

Health: -1/184     AC: 26    Str: 31    XL:     13   Next: 49%
Magic:  23/23      EV:  1    Int:  6    God:    Gozag
Gold:   146        SH:  0    Dex: 17    Spells: 12/12 levels left

rFire    + . .     SeeInvis .     - Unarmed
rCold    . . .     Gourm    +   (no shield)
rNeg     + + +     Faith    .   (armour currently unavailable)
rPois    +         Spirit   .   (helmet currently unavailable)
rElec    .         Reflect  .   (cloak currently unavailable)
rCorr    +         Harm     .   (gloves unavailable)
MR       .....     NoTele   +   (boots unavailable)
Stlth    +++.......             x - amulet of magic regeneration
HPRegen  0.80/turn              w - ring of Curiosity {rCorr rF+ Slay+2}
MPRegen  0.43/turn              E - ring of magical power

@: mighty, agile, tree-form, gold aura, hasted, very quick
A: unfitting armour, fast metabolism 3, gourmand, regeneration 1
a: Potion Petition, Call Merchant, Bribe Branch, Renounce Religion


You were on level 2 of the Orcish Mines.
You worshipped Gozag.
Gozag was aware of your devotion.
You were very hungry.
You were a tree.
You visited 3 branches of the dungeon, and saw 14 of its levels.
You also visited: Ice Cave.

You collected 4533 gold pieces.
You spent 466 gold pieces at shops.
You paid 3921 gold pieces to Gozag.

Inventory:

Hand Weapons
 u - a +5 club
Armour
 e - a +0 cloak (melded)
 y - a +0 hat of magic resistance (melded)
 F - +0 pearl dragon scales (melded)
 M - a +1 robe of magic resistance
 R - a +1 animal skin of cold resistance
Magical Staves
 f - an uncursed staff of cold {unknown}
Jewellery
 w - the ring of Curiosity (left branch) {rCorr rF+ Slay+2}
   (You bought it in a shop on level 7 of the Dungeon)

   [ring of resist corrosion]

   It affects your accuracy and damage with ranged weapons and melee attacks
   (+2).
   It protects you from fire.
 x - an amulet of magic regeneration (around neck)
 D - an uncursed ring of ice
 E - a ring of magical power (right branch)
 I - a cursed ring of ice
Wands
 h - a wand of lightning (2/15)
 l - a wand of digging (12/24)
 H - a wand of digging (11/24)
 J - a wand of digging (18/24)
 N - a wand of flame (26/48)
 O - a wand of lightning (4/15)
Scrolls
 i - 12 scrolls of identify {unknown}
 j - 4 scrolls of remove curse
 k - 4 scrolls of amnesia {unknown}
 m - 3 scrolls of teleportation {unknown}
 o - 2 scrolls of enchant armour {unknown}
 q - a scroll of recharging {unknown}
 r - 4 scrolls of blinking {unknown}
 v - a scroll of enchant weapon {unknown}
 C - a scroll of fog {unknown}
 G - a scroll of fear {unknown}
Potions
 c - 3 potions of brilliance
 d - 3 potions of ambrosia
 g - a potion of magic
 t - a potion of curing
 z - 2 potions of flight
 A - a potion of might
 B - a potion of haste
Books
 b - a book of Ice

   Spells                             Type                      Level
   a - Ice Form                       Ice/Transmutation            4
   b - Metabolic Englaciation         Hexes/Ice                    5
   c - Ozocubu's Refrigeration        Ice                          6
   d - Bolt of Cold                   Conjuration/Ice              6
   e - Freezing Cloud                 Conjuration/Ice/Air          6
   f - Simulacrum                     Ice/Necromancy               6
 P - a book of the Dragon

   Spells                             Type                      Level
   a - Flame Tongue                   Conjuration/Fire             1
   b - Cause Fear                     Hexes                        4
   c - Bolt of Fire                   Conjuration/Fire             6
   d - Dragon Form                    Transmutation                7
   e - Dragon's Call                  Summoning                    9
 Q - a book of the Sky

   Spells                             Type                      Level
   a - Summon Lightning Spire         Summoning/Air                4
   b - Silence                        Hexes/Air                    5
   c - Deflect Missiles               Charms/Air                   6
   d - Conjure Ball Lightning         Conjuration/Air              6
   e - Tornado                        Air                          9
Miscellaneous
 a - a lamp of fire
 s - a phial of floods
 K - a phantom mirror
Comestibles
 n - 4 meat rations
 p - 8 royal jellies


   Skills:
 * Level 6.7 Fighting
 * Level 8.1 Armour
 * Level 7.5 Dodging
 - Level 1.0 Stealth
 - Level 16.8 Unarmed Combat
 * Level 3.9 Evocations


You had 12 spell levels left.
You didn't know any spells.

Dungeon Overview and Level Annotations

Branches:
Dungeon (11/15)            Temple (1/1) D:4            Lair (0/6) D:11
    Orc (2/2) D:9
    Elf: Orc:2

Altars:
Ashenzari
Cheibriados
Dithmenos
Elyvilon
Fedhas
Gozag
Hepliaklqana
Kikubaaqudgha
Makhleb
Nemelex Xobeh
Okawaru
Qazlal
Ru
Sif Muna
Trog
Uskayaw
Vehumet
Wu Jian
Xom
Yredelemnul
Zin
The Shining One
Beogh

Shops:
D:7 =   Orc:2 (?

Annotations:
D:5 5 runed doors


Innate Abilities, Weirdness & Mutations

You are too large for most types of armour.
((You have claws for hands.))
Your metabolism is lightning-fast.
You like to eat raw meat.
Your natural rate of healing is unusually fast.
((You are covered in fur. (AC +1)))
((You have very tough skin. (AC +2)))


Message History

Purchase which effect?
You no longer have enough gold to petition Gozag for potion effects.
You feel as though your hastened speed will last longer.
You feel more agile all of a sudden.
You cannot move.
Unknown command.
There are monsters nearby!
The orc warrior hits you but does no damage. x2
The orc warrior hits you but does no damage.
The orc warrior hits you from afar with a halberd.
* * * LOW HITPOINT WARNING * * *
The orc warrior hits you but does no damage.
The orc warrior hits you from afar with a halberd!
* * * LOW HITPOINT WARNING * * *
The orc warrior hits you but does no damage.
The orc is distracted by the nearby gold.
The orc warrior hits you but does no damage.
The orc warrior hits you from afar with a trident.
You die...
Your body crumbles into a pile of gold.

$ # #...#......##..
#.#### #.........##... #
.o.####........##.... #.
####o##8............).)
#..
#.)#..'..............)<
...
#..oo##8...............
..
#..#.####........##....
#.####o#..#.........##...
$
#.$oooo$♣(#..........##..
#.######..#..........####
# ####..........#
#.....#.......
#..)(..#......
##..().##..... ##
##.....##.... +#..
####)....###.. $
.....######(#)..#...##


You could see 2 orc warriors and 3 orcs.

Vanquished Creatures
  Rupert (Orc:2)
  Gastronok (D:8)
  A frost giant (IceCv)
  A fire dragon (D:11)
  Erolcha (D:9)
  Fannar (D:11)
  Harold (D:11)
  A catoblepas (D:11)
  4 two-headed ogres
  A death yak (IceCv)
  Pikel (D:7)
  An orc sorcerer (Orc:2)
  4 orc knights
  2 manticores
  3 ugly things (D:11)
  3 cyclopes
  Joseph (D:8)
  2 gargoyles (D:11)
  2 rime drakes (Orc:1)
  14 polar bears (IceCv)
  5 trolls
  A slime creature (D:11)
  A hippogriff (D:10)
  Sigmund (D:4)
  17 yaks (IceCv)
  A shadow (D:11)
  2 hungry ghosts
  Menkaure (D:4)
  4 wargs (Orc:2)
  An acid dragon (D:11)
  Duvessa (D:7)
  2 ice beasts
  A black bear (D:7)
  3 sky beasts
  28 orc warriors
  14 ogres
  A necrophage (D:11)
  A phantom (D:7)
  5 centaurs
  15 wolves (IceCv)
  Blork the orc (D:4)
  2 big kobolds
  2 bullfrogs
  Dowan (D:7)
  3 scorpions
  3 killer bees (D:11)
  9 wights
  4 bullfrog zombies
  A crimson imp (D:8)
  A hound (D:11)
  Crazy Yiuf (D:5)
  13 orc priests
  2 gnoll shamans (D:5)
  6 jellies
  12 orc wizards
  4 centaur skeletons
  5 worker ants
  A hound skeleton (D:7)
  2 worker ant zombies
  Robin (D:3)
  12 adders
  32 gnolls (D:5)
  2 shadow imps
  8 oozes
  3 worms
  2 dart slugs
  8 leopard geckos
  95 orcs
  4 giant cockroaches
  13 goblins
  8 hobgoblins
  26 jackals
  2 quokkas
  3 ball pythons
  7 bats
  3 frilled lizards
  A giant cockroach zombie (D:5)
  A jackal skeleton (D:7)
  5 kobolds
  6 rats
466 creatures vanquished.

Vanquished Creatures (others)
  2 adders (D:7)
  2 orcs
  6 plants (D:11)
10 creatures vanquished.

Grand Total: 476 creatures vanquished

Notes
Turn   | Place    | Note
-------+----------+-------------------------------------------
     0 | D:1      | JackS81 the Troll Monk began the quest for the Orb.
     0 | D:1      | Reached XP level 1. HP: 22/22 MP: 0/0
   111 | D:1      | Reached XP level 2. HP: 29/29 MP: 1/1
   560 | D:2      | Reached XP level 3. HP: 19/36 MP: 2/2
   624 | D:2      | Reached skill level 4 in Unarmed Combat
   717 | D:2      | Reached XP level 4. HP: 40/44 MP: 3/3
   909 | D:2      | You fall through a shaft for 2 floors!
   929 | D:4      | Reached skill level 5 in Unarmed Combat
   976 | D:3      | Found a basalt altar of Yredelemnul.
   979 | D:3      | Found a hazy altar of Hepliaklqana.
   986 | D:3      | Reached XP level 5. HP: 52/52 MP: 4/4
  1108 | D:3      | Found a deep blue altar of Sif Muna.
  1109 | D:3      | Found a radiant altar of Vehumet.
  1138 | D:3      | Found a faded altar of an unknown god.
  2077 | D:3      | Noticed Robin
  2088 | D:3      | Killed Robin
  2141 | D:4      | Reached skill level 6 in Unarmed Combat
  2141 | D:4      | Reached XP level 6. HP: 58/61 MP: 5/5
  2296 | D:4      | Reached skill level 7 in Unarmed Combat
  2296 | D:4      | Reached XP level 7. HP: 67/67 MP: 6/6
  2303 | D:4      | Noticed Blork the orc
  2308 | D:4      | Killed Blork the orc
  2524 | D:4      | Noticed Sigmund
  2532 | D:4      | Killed Sigmund
  2532 | D:4      | Reached skill level 8 in Unarmed Combat
  2552 | D:4      | Found a staircase to the Ecumenical Temple.
  2572 | D:4      | Noticed Menkaure
  2595 | D:4      | Killed Menkaure
  2616 | Temple   | Entered the Ecumenical Temple
  2751 | Temple   | Became a worshipper of Gozag Ym Sagoz the Greedy
  2925 | D:5      | Entered Level 5 of the Dungeon
  3005 | D:5      | Reached skill level 9 in Unarmed Combat
  3005 | D:5      | Reached XP level 8. HP: 57/75 MP: 7/7
  3218 | D:5      | Found a runed door.
  3228 | D:5      | Found a runed gate.
  3275 | D:5      | Found the +9 staff of Olgreb {rPois}
  3283 | D:5      | Found a runed gate.
  3284 | D:5      | Found a runed door.
  3294 | D:5      | Found a runed gate.
  3852 | D:5      | Reached skill level 10 in Unarmed Combat
  3948 | D:5      | Found a runed door.
  3952 | D:5      | Noticed Crazy Yiuf
  3956 | D:5      | Killed Crazy Yiuf
  4802 | D:7      | Noticed Duvessa
  4802 | D:7      | Noticed Dowan
  4807 | D:7      | Killed Duvessa
  4818 | D:7      | Killed Dowan
  4872 | D:7      | Reached skill level 11 in Unarmed Combat
  4930 | D:7      | Found Wourit's Jewellery Boutique.
  4939 | D:7      | Bought the ring of Curiosity {rCorr rF+ Slay+2} for 466 gold pieces
  4974 | D:7      | Reached XP level 9. HP: 83/83 MP: 8/8
  5123 | D:7      | Found a shimmering altar of Xom.
  5355 | D:7      | Noticed Pikel
  5360 | D:7      | Killed Pikel
  5360 | D:7      | Reached skill level 12 in Unarmed Combat
  5906 | D:8      | Noticed Joseph
  5921 | D:8      | Killed Joseph
  6017 | D:8      | Noticed Gastronok
  6032 | D:8      | Killed Gastronok
  6032 | D:8      | Reached skill level 13 in Unarmed Combat
  6032 | D:8      | Reached XP level 10. HP: 20/92 MP: 9/9
  6262 | D:8      | Found a glowing silver altar of Zin.
  6646 | D:9      | Noticed a manticore
  6653 | D:9      | Killed a manticore
  6653 | D:9      | Reached skill level 14 in Unarmed Combat
  6921 | D:9      | Reached skill level 5 in Dodging
  6922 | D:9      | Found a staircase to the Orcish Mines.
  7043 | D:9      | Noticed Erolcha
  7053 | D:9      | Killed Erolcha
  7716 | D:10     | Entered Level 10 of the Dungeon
  7804 | D:10     | Noticed a two-headed ogre
  7816 | D:10     | Killed a two-headed ogre
  7816 | D:10     | Reached skill level 15 in Unarmed Combat
  7983 | D:10     | Reached XP level 11. HP: 77/100 MP: 10/10
  8531 | D:11     | Noticed a fire dragon
  8539 | D:11     | Killed a fire dragon
  8630 | D:11     | Noticed a two-headed ogre
  8630 | D:11     | Noticed a catoblepas
  8638 | D:11     | Killed a two-headed ogre
  8644 | D:11     | Noticed a cyan ugly thing
  8651 | D:11     | Killed a cyan ugly thing
  8651 | D:11     | Reached skill level 16 in Unarmed Combat
  8666 | D:11     | Killed a catoblepas
  8705 | D:11     | Reached skill level 1 in Armour
  8745 | D:11     | Noticed Fannar
  8755 | D:11     | Killed Fannar
  8850 | D:11     | Noticed a red ugly thing
  8863 | D:11     | Killed a red ugly thing
  8964 | D:11     | Noticed a brown ugly thing
  8965 | D:11     | Found a staircase to the Lair.
  8972 | D:11     | Killed a brown ugly thing
  9025 | D:11     | Reached skill level 1 in Evocations
  9126 | D:11     | Noticed Harold
  9137 | D:11     | Killed Harold
  9137 | D:11     | Reached XP level 12. HP: 98/109 MP: 11/11
  9454 | Orc:1    | Entered Level 1 of the Orcish Mines
  9802 | Orc:1    | Reached skill level 5 in Fighting
  9898 | Orc:1    | Found a frozen archway.
  9911 | IceCv    | Entered an ice cave
 10105 | IceCv    | Reached skill level 5 in Armour
 10324 | IceCv    | Noticed a death yak
 10324 | IceCv    | Noticed a frost giant
 10343 | IceCv    | Killed a death yak
 10375 | IceCv    | Killed a frost giant
 10375 | IceCv    | Reached XP level 13. HP: 11/120 MP: 14/14
 10769 | Orc:2    | Entered Level 2 of the Orcish Mines
 10889 | Orc:2    | Noticed Rupert
 10967 | Orc:2    | Found a roughly hewn altar of Beogh.
 11041 | Orc:2    | Found Meastriot's Magic Scroll Boutique.
 11052 | Orc:2    | Found Suichol's Antique Weapon Shop.
 11516 | Orc:2    | Killed Rupert
 11544 | Orc:2    | HP: 9/184 [orc warrior/halberd (3)]
 11546 | Orc:2    | HP: 3/184 [orc warrior/halberd (7)]
 11548 | Orc:2    | Slain by an orc warrior

Vault maps used:
D:1:      lightli_molten_gateway
D:2:      kb_forest_paths, first_bread
D:3:      lemuel_crystal_altar, lemuel_crystal_altar, minitemple,
          chequers_ecumenical_altar_simple, uniq_robin
D:4:      temple_pool_b, uniq_menkaure, uniq_blork_the_orc, uniq_sigmund
D:5:      lemuel_castle_with_subvaults, minmay_misc_feat_enclosed,
          minmay_misc_feat_rugged, minmay_guarded_unrand_staff_of_olgreb,
          uniq_crazy_yiuf_cottage
D:7:      serial_shops, shop, xom_confusion_cloud, uniq_pikel, uniq_duvessa
D:8:      nicolae_overflow_crystal_walls, uniq_gastronok, uniq_joseph
D:9:      david_orc_2, hangedman_little_slice_of_home, uniq_erolcha
D:10:     minmay_door_square
D:11:     david_lair_shrubbed, minmay_the_grid_square_5x5_3x3_mashed,
          uniq_fannar, uniq_harold
Temple:   minmay_crystal_spiral_temple
Orc:1:    portal_ice_cave_rime
Orc:2:    pubby_orc_utopia, uniq_rupert
IceCv:    ice_cave_caverns_03

Skill      XL: |  1  2  3  4  5  6  7  8  9 10 11 12 13 |
---------------+----------------------------------------+-----
Unarmed Combat | 4 5 6 7 9 11 13 15 16 | 16.8
Dodging        | 3 4 5 6 7 |  7.5
Fighting       | 3 4 6 |  6.7
Armour         | 2 6 8 |  8.1
Evocations     | 1 3 |  3.9
Stealth        | |  1.0

Action                   |  1- 3 |  4- 6 |  7- 9 | 10-12 | 13-15 || total
-------------------------+-------+-------+-------+-------+-------++-------
Melee: Unarmed           |    72 |   115 |   360 |   500 |   174 ||  1221
       Punch             |       |     6 |     9 |    45 |    24 ||    84
Invok: Potion Petition   |       |       |     1 |     3 |     5 ||     9
Evoke: Wand              |       |       |       |     2 |     1 ||     3
  Use: Scroll            |       |     1 |     1 |       |       ||     2
       Potion            |       |       |     8 |     4 |     3 ||    15
 Stab: Sleeping          |     1 |     4 |     3 |     1 |       ||     9
       Distracted        |       |       |     4 |     3 |     3 ||    10
       Invisible         |       |       |       |       |     4 ||     4
  Eat: Chunk             |    12 |    14 |     3 |       |       ||    29
       Bread ration      |       |       |     5 |     6 |       ||    11
       Fruit             |       |       |     1 |     3 |       ||     4
       Royal jelly       |       |       |     1 |     3 |     1 ||     5
       Meat ration       |       |       |       |     1 |     1 ||     2
Armor: Robe              |    25 |    34 |    89 |    12 |       ||   160
       Skin              |       |       |     8 |    16 |    14 ||    38
       Pearl dragon scal |       |       |       |   155 |    40 ||   195
Dodge: Dodged            |    41 |    64 |   184 |   208 |    86 ||   583

Table legend:
 A = Spawn XP
 B = Non-spawn XP
 C = Spawn XP percentage of total XP
 D = Spawn monster count
 E = Non-spawn monster count
 F = Spawn count percentage of total count
 G = Total turns spent on level
                    A         B        C        D         E        F      G
               +---------+---------+-------+---------+---------+-------+---------
         Total |       0 |   51229 |   0.0 |       0 |     466 |   0.0 | 11548
               +---------+---------+-------+---------+---------+-------+---------
           D:1 |       0 |      34 |   0.0 |       0 |      19 |   0.0 |   489
           D:2 |       0 |     142 |   0.0 |       0 |      20 |   0.0 |   865
           D:3 |       0 |     162 |   0.0 |       0 |      28 |   0.0 |   722
           D:4 |       0 |     990 |   0.0 |       0 |      24 |   0.0 |   597
           D:5 |       0 |     741 |   0.0 |       0 |      57 |   0.0 |  1219
           D:6 |       0 |     251 |   0.0 |       0 |      12 |   0.0 |   658
           D:7 |       0 |    2044 |   0.0 |       0 |      44 |   0.0 |  1049
           D:8 |       0 |    3139 |   0.0 |       0 |      12 |   0.0 |   685
           D:9 |       0 |    2242 |   0.0 |       0 |      21 |   0.0 |  1193
          D:10 |       0 |    1801 |   0.0 |       0 |      11 |   0.0 |   722
          D:11 |       0 |   12060 |   0.0 |       0 |      51 |   0.0 |  1003
         Orc:1 |       0 |    3932 |   0.0 |       0 |      42 |   0.0 |   677
         Orc:2 |       0 |   11710 |   0.0 |       0 |      77 |   0.0 |   779
         IceCv |       0 |   11981 |   0.0 |       0 |      48 |   0.0 |   638
               +---------+---------+-------+---------+---------+-------+---------
